Map: Royal Blood LE

Players

Magus

  • Race: Protoss Protoss
  • League: Platinum
  • Spawn Location: 1:00

Gnarl - Winner!

  • Race: Zerg Zerg
  • League: Platinum
  • Spawn Location: 7:00

VOD

Have the link to the VOD?

Description

Time

  • Played on: May 15, 2023, 12:57 a.m.
  • Length: 15:53
Show
View Real Time Build Order
Export as new Build Order

Magus Protoss 

Build Orders: 1 Gate Expand 

Get SALT Encoding   

  12  0:00  Probe  
  13  0:12  Probe  
  14  0:22  Pylon  
  14  0:26  Probe  
  15  0:40  Probe (Chrono Boost)  
  15  0:41  Gateway  
  16  0:52  Probe (Chrono Boost)  
  16  0:55  Assimilator  
  17  1:01  Probe (Chrono Boost)  
  19  1:21  Nexus  
  18  1:28  Cybernetics Core  
  18  1:36  Pylon  
  18  1:38  Probe (Chrono Boost)  
  19  1:50  Probe (Chrono Boost)  
  20  1:57  Probe (Chrono Boost)  
  20  1:58  Gateway  
  21  2:04  Probe  
  21  2:06  Stalker  
  24  2:16  Probe  
  24  2:22  Forge  
  25  2:28  Probe  
  22  2:48  Stalker  
  22  2:49  Probe  
  24  2:59  Pylon  
  24  3:01  Probe  
  24  3:05  Pylon, Warp Gate  
  25  3:10  Probe (Chrono Boost)  
  25  3:11  Assimilator  
  26  3:16  Probe (Chrono Boost)  
  28  3:21  Probe (Chrono Boost)  
  28  3:25  Probe (Chrono Boost), Stalker  
  30  3:29  Probe  
  32  3:35  Probe  
  33  3:41  Probe  
  33  3:45  Stalker  
  33  3:47  Probe  
  37  3:56  Gateway  
  37  4:03  Gateway  
  37  4:05  Pylon  
  35  4:10  Robotics Facility  
  35  4:16  Pylon  
  35  4:28  Shield Battery  
  35  4:31  Shield Battery  
  35  4:34  Shield Battery  
  35  4:44  Pylon  
  35  4:54  Robotics Facility  
  35  4:55  Immortal (Chrono Boost)  
  37  5:26  Pylon  
  37  5:28  Pylon, Observer (Chrono Boost)  
  38  5:40  Immortal (Chrono Boost)  
  42  5:46  Immortal (Chrono Boost)  
  45  6:06  Pylon  
  45  6:12  Observer  
  45  6:18  Immortal  
  50  6:42  Immortal  
  54  7:02  Shield Battery  
  54  7:04  Shield Battery  
  54  7:20  Robotics Bay  
  54  7:22  Pylon  
  54  7:23  Pylon  
  46  7:53  Observer x2  
  48  8:01  Stargate  
  48  8:02  Observer  
  48  8:14  Disruptor  
  51  8:32  Disruptor  
  54  9:01  Disruptor  
  57  9:26  Disruptor  
  60  9:37  Warp Prism  
  62  9:48  Observer  
  62  10:07  Observer  
  61  10:31  Observer  
  61  10:32  Observer  
  63  11:23  Stalker  
  69  11:25  Void Ray  
  69  11:37  Pylon  
  69  11:41  Pylon  
  69  11:43  Probe  
  69  11:44  Nexus  
  70  11:55  Probe  
  70  12:00  Nexus  
  69  12:02  Pylon  
  73  12:08  Void Ray  
  73  12:12  Colossus  
  79  12:24  Probe  
  80  12:36  Probe  
  81  12:44  Nexus, Stalker  
  83  12:47  Pylon  
  83  12:49  Probe  
  83  12:50  Pylon, Gateway  
  88  12:51  Void Ray  
  88  12:57  Observer  
  89  13:01  Probe  
  90  13:06  Observer  
  90  13:09  Observer  
  91  13:13  Probe  
  92  13:24  Shield Battery  
  92  13:26  Shield Battery  
  93  13:27  Observer  
  93  13:28  Observer  
  94  13:54  Probe  
  94  13:55  Probe  
  96  13:58  Probe  
  96  13:59  Stalker x2  
  101  14:06  Gateway  
  101  14:07  Probe x2  
  101  14:08  Gateway  
  107  14:10  Gateway, Probe  
  107  14:14  Void Ray  
  108  14:32  Zealot x2  
  112  14:45  Assimilator  
  112  14:47  Assimilator  
  112  14:48  Forge  
  115  14:56  Stalker  
  115  14:57  Void Ray  
  93  15:11  Zealot x4  
  65  15:28  Zealot  
  58  15:35  Stalker  
  58  15:36  Stalker x3  
Show
View Real Time Build Order
Export as new Build Order

Gnarl Zerg - Winner!

Build Orders: Pool First, Lurkers 

Get SALT Encoding   

  12  0:00  Drone  
  13  0:15  Overlord  
  13  0:17  Drone  
  14  0:34  Drone x2  
  16  0:39  Drone  
  16  0:42  Extractor  
  16  0:52  Spawning Pool, Drone  
  16  0:58  Drone  
  17  1:23  Hatchery  
  16  1:29  Drone  
  17  1:39  Zergling x4  
  19  1:42  Zergling x2  
  20  1:48  Queen  
  22  1:55  Overlord  
  22  2:03  Metabolic Boost  
  22  2:15  Zergling x4  
  24  2:25  Drone  
  25  2:43  Queen, Drone  
  27  2:58  Spine Crawler  
  24  2:59  Drone, Spine Crawler  
  24  3:00  Drone, Spine Crawler  
  24  3:05  Zergling x2  
  24  3:06  Zergling x6  
  24  3:09  Zergling x2  
  29  3:15  Spine Crawler  
  28  3:22  Spine Crawler  
  28  3:25  Drone  
  28  3:29  Drone  
  28  3:33  Drone  
  30  3:42  Spore Crawler  
  30  3:45  Spine Crawler  
  28  3:50  Spore Crawler  
  27  4:07  Drone x3  
  30  4:10  Overlord  
  30  4:16  Queen  
  32  4:19  Drone  
  33  4:43  Spine Crawler  
  33  4:44  Spine Crawler  
  31  4:47  Spore Crawler x2  
  29  5:01  Drone x2  
  29  5:02  Drone  
  32  5:17  Spore Crawler  
  32  5:20  Spore Crawler  
  30  5:25  Spore Crawler  
  29  5:47  Drone x3  
  29  5:48  Drone x4  
  36  5:51  Hatchery  
  36  5:52  Extractor  
  34  6:07  Spore Crawler  
  33  6:13  Drone x2  
  35  6:36  Zergling x2  
  35  6:37  Zergling x14  
  41  7:09  Drone x8  
  49  7:21  Overlord x2  
  39  7:51  Drone x9  
  37  7:58  Lair  
  45  8:02  Evolution Chamber  
  45  8:04  Evolution Chamber  
  43  8:15  Hatchery  
  42  8:35  Queen  
  42  8:39  Zerg Ground Armor Level 1, Hatchery  
  42  8:41  Zerg Melee Weapons Level 1  
  43  8:53  Pneumatized Carapace  
  43  8:57  Extractor  
  43  8:59  Zergling x2  
  43  9:00  Zergling x12  
  43  9:01  Zergling x2  
  50  9:11  Drone  
  50  9:12  Drone x4  
  50  9:13  Drone  
  56  9:24  Drone  
  56  9:25  Drone x5  
  56  9:29  Overlord  
  62  9:38  Hydralisk Den  
  61  10:14  Drone x5  
  62  10:15  Drone x10  
  62  10:21  Grooved Spines  
  76  10:25  Lurker Den  
  76  10:26  Overlord x4  
  76  10:27  Overlord, Infestation Pit  
  74  10:29  Queen  
  74  10:32  Queen  
  78  10:41  Queen  
  78  10:42  Overlord x2  
  80  10:48  Hydralisk  
  80  10:49  Hydralisk x2  
  86  10:55  Hydralisk  
  86  10:56  Hydralisk x2  
  92  10:58  Hydralisk  
  92  11:01  Hydralisk  
  92  11:02  Hydralisk  
  94  11:07  Hydralisk  
  94  11:08  Hydralisk  
  94  11:09  Hydralisk  
  100  11:23  Hydralisk  
  100  11:24  Hydralisk x6  
  114  11:26  Hydralisk  
  114  11:31  Hive  
  116  11:36  Muscular Augments  
  116  11:41  Drone x3  
  116  11:42  Zergling x2  
  116  11:43  Zergling x12  
  126  11:48  Zergling x2  
  126  11:49  Zergling x10  
  126  11:50  Zergling x2  
  126  11:54  Queen  
  135  12:02  Overlord x2  
  135  12:08  Lurker  
  135  12:16  Overlord x3  
  135  12:20  Lurker  
  135  12:21  Lurker  
  135  12:22  Lurker  
  138  12:23  Zergling x16  
  138  12:24  Zergling x8  
  150  12:39  Overlord  
  150  12:40  Overlord x2  
  151  12:44  Zergling x10  
  151  12:45  Zergling x4  
  151  12:50  Zerg Ground Armor Level 2  
  157  12:52  Extractor  
  157  12:53  Drone  
  157  12:54  Drone x3  
  157  12:55  Extractor  
  157  12:56  Drone  
  157  12:57  Drone x2  
  162  13:03  Overlord x3  
  159  13:35  Seismic Spines  
  159  13:36  Zerg Melee Weapons Level 2  
  159  13:47  Drone  
  159  13:48  Drone x9  
  168  13:49  Drone x2  
  168  13:51  Extractor  
  168  13:52  Extractor  
  169  13:56  Extractor  
  168  14:07  Hatchery  
  168  14:08  Hydralisk x3  
  168  14:09  Hydralisk x6  
  185  14:24  Hatchery  
  184  14:26  Drone  
  184  14:28  Hatchery  
  184  14:29  Drone x2  
  184  14:31  Overseer x3  
  186  14:32  Zergling x2  
  186  14:33  Zergling x24  
  199  14:39  Baneling Nest  
  161  15:23  Hydralisk x13  
Tags
 
Add a new tag
Caveats
  • Supply blocks, unpowered buildings, or Contaminate may cause inaccurate times.
  • Supply counts are checked every 10 seconds.